 Dungeon Sprint DCSS version 0.21-a0-104-g7b58145 (webtiles) character file.

45 Kidiri the Sneak (level 3, -5/18 HPs)
             Began as a Spriggan Enchanter on July 5, 2017.
             Slain by a worker ant (6 damage)
             ... in the Dungeon (Sprint II: "The Violet Keep of Menkaure").
             The game lasted 00:00:21 (25 turns).

Kidiri the Sneak (Spriggan Enchanter)                 Turns: 25, Time: 00:00:22

Health: -5/18      AC:  2    Str:  4    XL:     3   Next: 42%
Magic:  6/9        EV: 20    Int: 16    God:
Gold:   0          SH:  0    Dex: 17    Spells: 9/10 levels left

rFire    . . .     SeeInvis +   a - +1 dagger
rCold    . . .     Gourm    .   (shield restricted)
rNeg     . . .     Faith    .   b - +0 robe
rPois    .         Spirit   .   (helmet restricted)
rElec    .         Reflect  .   (no cloak)
rCorr    .         Harm     .   (gloves unavailable)
MR       .....     NoTele   +   (boots unavailable)
Stlth    +++.......             (no amulet)
HPRegen  0.06/turn              (no ring)
MPRegen  0.11/turn              (no ring)

@: lethally poisoned (-5 -> -8), berserk cooldown, slowed, quick
A: unfitting armour, see invisible, herbivore 3, speed 3, slow metabolism 2
a: no special abilities


You were in the Dungeon.
You were not hungry.

You visited 1 branch

Inventory:

Hand Weapons
 a - a +1 dagger (weapon)
Armour
 b - a +0 robe (worn)
Scrolls
 j - a scroll of blinking
Potions
 e - a potion of curing
 f - a potion of heal wounds
 g - a potion of haste
 h - 2 potions of magic
Books
 c - a book of Maledictions

   Spells                             Type                      Level
   a - Corona                         Hexes                        1
   b - Ensorcelled Hibernation        Hexes/Ice                    2
   c - Confuse                        Hexes                        3
   d - Tukima's Dance                 Hexes                        3
   e - Dazzling Spray                 Conjuration/Hexes            3
Comestibles
 d - a bread ration
 i - a chunk of flesh


   Skills:
 + Level 1.2 Fighting
 * Level 3.1 Short Blades
 + Level 1.2 Armour
 * Level 4.9 Dodging
 * Level 6.3 Stealth
 * Level 4.3 Spellcasting
 + Level 4.5 Hexes


You had 9 spell levels left.
You knew the following spells:

 Your Spells              Type           Power        Failure   Level  Hunger
a - Corona                Hex            ###....      2%          1    None


Dungeon Overview and Level Annotations

Branches:
Dungeon (1/1)

Altars:


Innate Abilities, Weirdness & Mutations

You are very small and have problems with some larger weapons.
You are too small for most types of armour.
You have supernaturally acute eyesight. (SInv)
You are a herbivore.
You cover ground extremely quickly.
You need consume almost no food.


Message History

The worker ant waves its antennae.
The worker ant misses you.
You hit the worker ant.
The worker ant is lightly wounded.
You feel sick. The worker ant closely misses you.
You hit the worker ant but do no damage.
The worker ant is lightly wounded.
The worker ant closely misses you. The worker ant barely misses you.
You barely miss the worker ant.
The worker ant is lightly wounded.
You feel sick. The worker ant completely misses you.
You closely miss the worker ant.
The worker ant is lightly wounded.
The worker ant completely misses you. The worker ant closely misses you.
You hit the worker ant.
The worker ant is lightly wounded.
You feel sick. The worker ant bites you!
* * * LOW HITPOINT WARNING * * *
The worker ant bites you.
You die...

## #+#
.##
##.###..#
+.<@aa#
##.###..#
#+# .##
$#. ## .w
w. ##.
.## ## ##


You could see 2 worker ants.

Vanquished Creatures
  2 worker ants (D)
2 creatures vanquished.

Notes
Turn   | Place    | Note
-------+----------+-------------------------------------------
     0 | D        | Kidiri the Spriggan Enchanter began the quest for the Orb.
     0 | D        | Reached XP level 1. HP: 9/9 MP: 5/5
     1 | D        | Noticed a tyrant leech
     1 | D        | Noticed a tyrant leech
     5 | D        | Noticed a worker ant
     5 | D        | Noticed a worker ant
     9 | D        | Killed a worker ant
     9 | D        | Reached skill level 1 in Fighting
     9 | D        | Reached skill level 1 in Armour
     9 | D        | Reached skill level 5 in Stealth
     9 | D        | Reached XP level 2. HP: 14/14 MP: 5/7
    14 | D        | Reached skill level 6 in Stealth
    14 | D        | Reached XP level 3. HP: 18/18 MP: 5/9
    25 | D        | Slain by a worker ant

Vault maps used:
D:        the_violet_keep_of_menkaure

Skill      XL: |  1  2 |
---------------+-------+-----
Fighting       | 1 |  1.2
Short Blades   | 2 3 |  3.1
Armour         | 1 |  1.2
Dodging        | 4 |  4.9
Stealth        | 5 6 |  6.3
Spellcasting   | 3 4 |  4.3
Hexes          | 4 |  4.5

Action                   || total
-------------------------++-------
Melee: Dagger            ||    13
  Use: Potion            ||     1
Armor: Robe              ||     1
Dodge: Dodged            ||    10
